 Dungeon Sprint DCSS version 0.29-a0-362-g5854e031c7 (webtiles) character file.

Game seed: 10958678518256340304

22731 mhtbhm the Warrior (level 13, -12/97 HPs)
             Began as a Kobold Berserker on Apr 30, 2022.
             Was a High Priest of Trog.
             Killed from afar by a molten gargoyle (17 damage)
             ... with a bolt of magma
             ... in the Dungeon (Sprint VII: "The Pits").
             The game lasted 00:12:18 (4833 turns).

mhtbhm the Warrior (Kobold Berserker)               Turns: 4833, Time: 00:12:20

Health: -12/97     AC: 10    Str: 18    XL:     13   Next: 29%
Magic:  13/13      EV: 26    Int:  8    God:    Trog [*****.]
Gold:   29         SH:  0    Dex: 16    Spells: 12/12 levels left

rFire   + + +      SeeInvis .   a - +5 hand axe "Maojonk" {flame, Fragile rF++}
rCold   . . .      Faith    .   (no shield)
rNeg    . . .      Spirit   .   b - +1 ring mail {rF+}
rPois   +          Reflect  .   p - +0 helmet
rElec   .          Harm     .   (no cloak)
rCorr   .          Rampage  .   (no gloves)
Will    ++...      NoTele   +   (no boots)
Stlth   +++++++...              (no amulet)
HPRegen 1.26/turn               t - +4 ring of evasion
MPRegen 0.13/turn               C - ring of poison resistance

@: strong-willed, on berserk cooldown, regenerating, hasted and slowed
A: small, no large weapons, nightstalker 3
a: Renounce Religion, Berserk, Trog's Hand, Brothers in Arms


You were in the Dungeon.
You worshipped Trog.
Trog was extremely pleased with you.
You visited 1 branch You collected 29 gold pieces.

Inventory:

Hand Weapons
 a - the +5 hand axe "Maojonk" (weapon) {flame, Fragile rF++}
   (Trog gifted it to you in the Dungeon)

   It burns those it strikes, dealing additional fire damage.
   Big, fiery blades are also staple armaments of hydra-hunters.
   rF:        It greatly protects you from fire.
   Fragile:   It will be destroyed if unequipped.
 s - a +8 vorpal broad axe
Armour
 b - a +1 ring mail of fire resistance (worn)
 p - a +0 helmet (worn)
Jewellery
 t - a +4 ring of evasion (left hand)
 u - a ring of resist corrosion
 C - a ring of poison resistance (right hand)
 D - a ring of protection from fire
Scrolls
 j - 2 scrolls of summoning
 w - a scroll of fog
 x - a scroll of identify
 y - 2 scrolls of enchant armour
 A - 2 scrolls of enchant weapon
 E - a scroll of magic mapping
Potions
 c - 6 potions of curing
 e - 2 potions of haste
 f - 4 potions of magic
 g - 5 potions of berserk rage
 i - 2 potions of invisibility
 m - 4 potions of mutation
 n - a potion of resistance
 o - a potion of might
 v - a potion of attraction


   Skills:
 + Level 18.1 Fighting
 + Level 17.0 Axes
 + Level 11.3 Armour
 + Level 15.7 Dodging
 + Level 16.0 Stealth


You had 12 spell levels left.
You didn't know any spells.
Your spell library was empty.

Dungeon Overview and Level Annotations

Branches:
Dungeon (1/1)

Altars:
Fedhas
Gozag
Hepliaklqana
Qazlal
Ru
Sif Muna
Trog
Zin
The Shining One
Jiyva

Annotations:
D Saint Roka


Innate Abilities, Weirdness & Mutations

You are small and have problems with some larger weapons.
You are completely attuned to the shadows.


Message History

The bolt of magma misses you. The bolt of magma hits your troll.
Saint Roka invokes the aid of Beogh against you.
Beogh smites you! The jumping spider barely misses you.
The jumping spider misses you.
You swap places.
Something pounces on your troll!!
Your troll dies!
Your troll's corpse disappears in a puff of smoke!
Saint Roka mumbles some strange prayers to Beogh against you.
Beogh smites you!
* * * LOW HITPOINT WARNING * * *
The molten gargoyle completely misses you.
There is an open door, spattered with blood here.
Items here: ))))))))) [[[[[[ ††††.
Blink to where?
Press: ? - help, Dir - move target
As you read the scroll of blinking, it crumbles to dust.
You feel yourself speed up.
Unknown command.
Your stone giant goes berserk!
The molten gargoyle blasts magma at you!
The bolt of magma hits you! You partially resist.
* * * LOW HITPOINT WARNING * * *
Unknown command.
Okay, then.
Your skin crawls.
You feel strong-willed.
The molten gargoyle blasts magma at you!
The bolt of magma hits your stone giant!!
The bolt of magma hits you! You partially resist.
* * * LOW HITPOINT WARNING * * *
Unknown command.
Unknown command.
Your stone giant hits the molten gargoyle!!
The jumping spider pounces on your stone giant!
A web harmlessly splats on your stone giant.
The jumping spider bites your stone giant but does no damage.
The molten gargoyle blasts magma at you!
The bolt of magma hits your stone giant!!
The bolt of magma hits you! You partially resist.
You die...

##################
#...s.............
#..C9..)..........
#@.###o###########
#..##)#.#
#..#.#s#o# #..##.#
#[# #..#.# #o# ##
#. ###########
###### ...........
____.# ...........


You could see a jumping spider, a molten gargoyle (ally target) and a friendly
stone giant (summoned, berserk).

Vanquished Creatures
  A yellow draconian (D)
  A great orb of eyes (D)
  A merfolk aquamancer (D)
  A two-headed ogre (D)
  2 sun demons (D)
  A deep elf knight (D)
  A shadow wraith (D)
  A cherub (D)
  A flayed ghost (D)
  A lindwurm (D)
  A phantasmal warrior (D)
  A smoke demon (D)
  An eye of devastation (D)
  An orange demon (D)
  2 gargoyles (D)
  A komodo dragon (D)
  An efreet (D)
  2 polar bears (D)
  2 merfolk (D)
  A tarantella (D)
  3 slime creatures (D)
  A flying skull (D)
  A spriggan (D)
  A vampire (D)
  An air elemental (D)
  A wraith (D)
  A large abomination (D)
  3 yaks (D)
  A ynoxinul (D)
  3 water elementals (D)
  Eustachio (D)
  A fire bat (D)
  A fire elemental (D)
  2 redbacks (D)
  A steam dragon (D)
  A warg (D)
  2 acid dragons (D)
  A water moccasin (D)
  A sky beast (D)
  2 ogres (D)
  A wolf (D)
  2 centaurs (D)
  3 wights (D)
  An orc priest (D)
  A gnoll shaman (D)
  An iron imp (D)
  An iguana (D)
  4 orc wizards (D)
  A hell rat (D)
  A small abomination (D)
  An adder (D)
  A white imp (D)
  An ufetubus (D)
  An adder zombie (D)
  3 orcs (D)
  An endoplasm (D)
  A goblin (D)
  A hobgoblin (D)
  5 jackals (D)
  2 quokkas (D)
  A bat simulacrum (D)
  2 frilled lizards (D)
  A quokka zombie (D)
90 creatures vanquished.

Vanquished Creatures (collateral kills)
  A stone giant (D)
  A dire elephant (D)
  A mummy priest (D)
  A hydra (D)
  A spriggan air mage (D)
  2 merfolk avatars (D)
  A bog body (D)
  An orc knight (D)
  A manticore (D)
  A slime creature (D)
  An orc sorcerer (D)
  A freezing wraith (D)
  3 hellwings (D)
  A merfolk (D)
  A wandering mushroom (D)
  Grinder (D)
  A hornet (D)
  A water elemental (D)
  A vampire (D)
  A redback (D)
  A gnoll (D)
  A river rat (D)
  4 orcs (D)
29 creatures vanquished.

Vanquished Creatures (others)
  A giant cockroach zombie (D)
1 creature vanquished.

Grand Total: 120 creatures vanquished

Notes
Turn   | Place    | Note
-------+----------+-------------------------------------------
     0 | D        | mhtbhm the Kobold Berserker began the quest for the Orb.
     0 | D        | Reached XP level 1. HP: 14/14 MP: 1/1
    18 | D        | Reached skill level 4 in Fighting
    18 | D        | Reached XP level 2. HP: 20/20 MP: 2/2
    25 | D        | Found a bloodstained altar of Trog.
    25 | D        | Found a shimmering blue altar of Sif Muna.
    25 | D        | Found a viscous altar of Jiyva.
    25 | D        | Found a hazy altar of Hepliaklqana.
    25 | D        | Found an opulent altar of Gozag.
    26 | D        | Found a glowing golden altar of the Shining One.
    26 | D        | Found a glowing silver altar of Zin.
    26 | D        | Found a sacrificial altar of Ru.
    26 | D        | Found a stormy altar of Qazlal.
    26 | D        | Found a blossoming altar of Fedhas.
   125 | D        | Reached ** piety under Trog
   228 | D        | Noticed a centaur
   244 | D        | Reached *** piety under Trog
   247 | D        | Reached XP level 3. HP: 16/25 MP: 3/3
   363 | D        | Killed a centaur
   364 | D        | Reached skill level 6 in Fighting
   364 | D        | Reached skill level 5 in Axes
   364 | D        | Reached XP level 4. HP: 32/32 MP: 4/4
   364 | D        | Reached XP level 5. HP: 36/36 MP: 5/5
   487 | D        | Reached **** piety under Trog
   491 | D        | Reached skill level 5 in Dodging
   496 | D        | Noticed a water moccasin
   508 | D        | Noticed a centaur
   521 | D        | Killed a water moccasin
   522 | D        | Reached skill level 7 in Fighting
   522 | D        | Reached XP level 6. HP: 18/44 MP: 6/6
   523 | D        | Noticed a wolf
   534 | D        | Killed a wolf
   535 | D        | Reached skill level 8 in Fighting
   535 | D        | Reached XP level 7. HP: 33/49 MP: 7/7
   538 | D        | Reached ***** piety under Trog
   723 | D        | Noticed a merfolk
   738 | D        | Killed a merfolk
   738 | D        | Received a gift from Trog
   739 | D        | Reached skill level 9 in Fighting
   739 | D        | Reached XP level 8. HP: 39/56 MP: 8/8
  1026 | D        | Reached skill level 10 in Axes
  1026 | D        | Reached skill level 5 in Armour
  1307 | D        | Received a gift from Trog
  1314 | D        | Noticed an air elemental
  1350 | D        | Noticed a yak
  1350 | D        | Noticed a yak
  1352 | D        | Noticed a yak
  1361 | D        | Killed a yak
  1362 | D        | Killed a yak
  1363 | D        | Reached skill level 10 in Fighting
  1363 | D        | Reached XP level 9. HP: 62/62 MP: 9/9
  1370 | D        | Reached skill level 10 in Stealth
  1458 | D        | Noticed a five-headed hydra
  1458 | D        | Noticed a hellwing
  1458 | D        | Noticed a lindwurm
  1463 | D        | Noticed a bog body
  1468 | D        | Killed a lindwurm
  1469 | D        | Reached skill level 11 in Fighting
  1474 | D        | Killed an 11-headed hydra
  1474 | D        | Killed a hellwing
  1475 | D        | Reached XP level 10. HP: 48/71 MP: 10/10
  1476 | D        | Killed a bog body
  1477 | D        | Reached skill level 12 in Fighting
  1663 | D        | Noticed a komodo dragon
  1663 | D        | Noticed a smoke demon
  1692 | D        | Killed a komodo dragon
  1693 | D        | Reached skill level 10 in Dodging
  2020 | D        | Killed a smoke demon
  2020 | D        | Reached ****** piety under Trog
  2102 | D        | Noticed a manticore
  2151 | D        | Noticed a merfolk avatar
  2163 | D        | Received a gift from Trog
  2402 | D        | Killed a manticore
  2403 | D        | Reached skill level 13 in Fighting
  2403 | D        | Reached XP level 11. HP: 16/78 MP: 11/11
  2408 | D        | Killed a merfolk avatar
  2687 | D        | Noticed a flayed ghost
  2710 | D        | Killed a flayed ghost
  2817 | D        | Noticed Eustachio
  2826 | D        | Identified the +5 hand axe "Maojonk" {flame, Fragile rF++}
                  | (Trog gifted it to you in the Dungeon)
  2826 | D        | Received a gift from Trog
  2832 | D        | Killed Eustachio
  2885 | D        | Noticed a phantasmal warrior
  2898 | D        | Killed a phantasmal warrior
  2953 | D        | Noticed Grinder
  2961 | D        | Killed Grinder
  2963 | D        | Noticed a two-headed ogre
  2964 | D        | Received a gift from Trog
  2965 | D        | Reached skill level 14 in Fighting
  2965 | D        | Noticed a sun demon
  2969 | D        | Noticed a deep elf knight
  2975 | D        | Killed a two-headed ogre
  2976 | D        | Reached skill level 10 in Armour
  2977 | D        | Reached skill level 15 in Axes
  2981 | D        | Killed a deep elf knight
  2981 | D        | Received a gift from Trog
  2982 | D        | Killed a sun demon
  2983 | D        | Killed a shadow wraith
  2984 | D        | Reached XP level 12. HP: 63/86 MP: 12/12
  2987 | D        | Reached skill level 15 in Fighting
  2990 | D        | Received a gift from Trog
  3291 | D        | Noticed a yellow draconian
  3291 | D        | Noticed a dire elephant
  3291 | D        | Noticed a stone giant
  3291 | D        | Noticed a merfolk avatar
  3311 | D        | Killed a dire elephant
  3315 | D        | Killed a merfolk avatar
  3331 | D        | Killed a stone giant
  3331 | D        | Identified the +4 quick blade of Apnosm {vorpal, Will-
                  | Str+6} (Trog gifted it to you in the Dungeon)
  3331 | D        | Received a gift from Trog
  3350 | D        | Reached skill level 16 in Fighting
  3379 | D        | Killed a yellow draconian
  3803 | D        | Noticed a sun demon
  3823 | D        | Killed a sun demon
  3823 | D        | Received a gift from Trog
  4027 | D        | Noticed a great orb of eyes
  4036 | D        | Paralysed by a great orb of eyes for 6 turns
  4049 | D        | Killed a great orb of eyes
  4268 | D        | Noticed a merfolk aquamancer
  4400 | D        | Killed a merfolk aquamancer
  4401 | D        | Reached skill level 17 in Fighting
  4401 | D        | Received a gift from Trog
  4413 | D        | Reached skill level 15 in Dodging
  4413 | D        | Reached XP level 13. HP: 51/96 MP: 13/13
  4758 | D        | Reached skill level 15 in Stealth
  4765 | D        | Received a gift from Trog
  4800 | D        | Noticed a mummy priest
  4800 | D        | Noticed a spriggan air mage
  4808 | D        | Paralysed by an orc sorcerer for 2 turns
  4814 | D        | Killed a spriggan air mage
  4814 | D        | Received a gift from Trog
  4820 | D        | Killed a mummy priest
  4821 | D        | Reached skill level 18 in Fighting
  4827 | D        | Noticed Saint Roka
  4832 | D        | HP: 4/97 [molten gargoyle/bolt of magma (11)]
  4833 | D        | Killed from afar by a molten gargoyle

Illustrated notes

Levels and vault maps discovered:
D:        pitsprint [storerooms_1, entrance_room_1, metal_vault_1, armoury_1,
          mini_pit_1, grid_room_1, main_hall_1, silver_pit, the_coven_2,
          the_vestibule_1, steel_vault_1, golden_pit, hallway_of_sentries,
          crystal_vault_4, iron_vault_2, final_vault]

Skill      XL: |  1  2  3  4  5  6  7  8  9 10 11 12 13 |
---------------+----------------------------------------+-----
Fighting       | 4 6 7 8 9 10 11 13 14 17 18 | 18.1
Axes           | 3 5 6 8 9 10 12 13 15 16 17 | 17.0
Armour         | 2 3 4 5 7 9 10 11 | 11.3
Dodging        | 3 4 6 7 8 9 10 13 15 | 15.7
Stealth        | 3 6 7 8 9 11 12 13 14 16 | 16.0

Action                   |  1- 3 |  4- 6 |  7- 9 | 10-12 | 13-15 || total
-------------------------+-------+-------+-------+-------+-------++-------
Melee: Hand axe          |    36 |    41 |    87 |   212 |    53 ||   429
       Punch             |       |       |       |     3 |       ||     3
Invok: Berserk           |     3 |     1 |     6 |     9 |     1 ||    20
       Brothers in Arms  |       |       |     1 |     5 |     3 ||     9
       Trog's Hand       |       |       |       |     1 |     1 ||     2
  Use: Potion            |       |     2 |     1 |     6 |     1 ||    10
       Scroll            |       |       |       |     4 |     2 ||     6
 Stab: Sleeping          |     4 |       |     4 |     5 |       ||    13
       Distracted        |       |       |       |     1 |     1 ||     2
Armor: Animal skin       |     4 |       |       |       |       ||     4
       Chain mail        |       |    16 |    16 |       |       ||    32
       Scale mail        |       |       |    12 |     1 |       ||    13
       Acid dragon scale |       |       |       |    15 |       ||    15
       Ring mail         |       |       |       |     1 |     4 ||     5
Dodge: Dodged            |    45 |    27 |    63 |   149 |    42 ||   326

Table legend: (Time is in decaauts)
 A = Elapsed time spent in this place.
 B = Non-inter-level travel time spent in this place.
 C = Inter-level travel time spent in this place.
 D = Time resting spent in this place.
 E = Time spent auto-exploring this place.
 F = Levels seen in this place.
 G = Mean time per level.
                   A        B        C        D        E       F      G
               +--------+--------+--------+--------+--------+-----+--------+
         Total |   4875 |   4875 |      0 |   3370 |     36 |   1 | 4875.0 |
       Dungeon |   4875 |   4875 |      0 |   3370 |     36 |   1 | 4875.0 |
               +--------+--------+--------+--------+--------+-----+--------+

Top non-repeatable levels by time:
       D: 4875 daAuts
